AoeStats
← fire263210

Arabia

506621848Analyzed
1v1 RM · 17d ago on Sep 14, 2026· 36m 15s· 2 players
Game mode
Random Map
Map size
Tiny (2 player)
Population
200
Speed
Normal
Resources
Standard
Victory
Conquest
Starting age
Dark Age
Ending age
Imperial Age
RankedLock teamsTeams togetherTeam positionsShared explorationLock speedFull tech treeHidden civsTurbo modeCheats
Victory
Defeat
🇹🇼 Magyars · Taiwan
955
+12
🇨🇭 Slavs · Switzerland
875
-12
Science1990
7:29 Loom
9:48 Feudal Age
10:37 Double-Bit Axe
10:27 Man-at-Arms
23:58 Castle Age
25:20 Pikeman
28:20 Long Swordsman
29:44 Squires
29:48 Scale Mail Armor
29:59 Forging
fire263210
2:30 Loom
9:57 Feudal Age
11:12 Double-Bit Axe
11:28 Horse Collar
21:02 Castle Age
21:29 Fletching
23:04 Light Cavalry
25:46 Husbandry
27:53 Bow Saw
28:12 Bloodlines
28:39 Thumb Ring
28:31 Bodkin Arrow
30:02 Wheelbarrow
29:36 Heavy Plow
30:17 Scale Barding Armor
30:36 Padded Archer Armor
34:39 Chain Barding Armor
36:03 Hand Cart
Connection lost

Rejoining the realm…

Still unreachable

The connection could not be restored.

Session expired

The server has moved on; the page needs a fresh start.